Unix NetHack Version 5.0.0-0 post-release - last build May 31 2026 23:59:36 (970b52f25bf058293b47ddfd14a1e40e571c508c,branch:main).

Game began 2026-06-05 19:06:56, ended 2026-06-05 20:52:55.

Jobair, lawful female dwarven Archeologist

                                                          .
                                                       ---.
                                                       0.|.
                                                       -.|.
                                                       |.|.     --
                                                       |.|.    ..
                                                       |.|.  ...
                                                       |.|..-..-
                                                      --.|.....--
                                                       ).|......|
                                                       -.|......|
                                                       |@|......-
                                                       |.g....!..|
                                                       |.#.<.....-
                                                       |.|..-- .....-
                                                       -0|[-     ....-
                                                         |.        ...|
                                                         -)        ----
                                                          .

Jobair the Field Worker    St:15 Dx:7 Co:14 In:16 Wi:14 Ch:16  Lawful
Dlvl:5  $:100 HP:0(36) Pw:14(14) AC:5  Xp:4 T:3491  Burdened

Latest messages:
 In what direction? 6
 The large cat seems more amiable.
 Your large cat devours a tripe ration.
 Godzilla bites the gargoyle.
 The gargoyle hits Godzilla.
 The gargoyle misses Godzilla.
 The gargoyle bites Godzilla.
 Godzilla misses the gargoyle.
 Godzilla misses the gargoyle.
 The large cat misses the gargoyle.
 Godzilla misses the gargoyle.
 Godzilla bites the gargoyle.
 The gargoyle hits Godzilla.
 The gargoyle hits Godzilla.
 The gargoyle misses Godzilla.
 The large cat misses BeardyHaddock's ghost.
 The large cat misses BeardyHaddock's ghost.
 Godzilla misses the gargoyle.
 The large cat misses BeardyHaddock's ghost.
 Godzilla misses the gargoyle.
 Godzilla misses the gargoyle.
 The large cat misses BeardyHaddock's ghost.
 Godzilla misses the gargoyle.
 Godzilla misses the gargoyle.
 The large cat misses BeardyHaddock's ghost.
 Godzilla misses BeardyHaddock's ghost.
 The large cat misses BeardyHaddock's ghost.
 The large cat misses BeardyHaddock's ghost.
 You begin bashing monsters with your crossbow.
 You miss the gargoyle.
 Godzilla misses BeardyHaddock's ghost.
 Godzilla misses BeardyHaddock's ghost.
 a - a +2 bullwhip (weapon in right hand).
 E - a crossbow (alternate weapon; not wielded).
 Godzilla misses BeardyHaddock's ghost.
 The large cat bites BeardyHaddock's ghost.
 BeardyHaddock's ghost misses the large cat.
 The gargoyle hits!
 The gargoyle hits again!
 The gargoyle bites!
 You hear some noises in the distance.
 You hear some noises.
 The gargoyle hits!
 The gargoyle hits again!
 You die...
 Do you want your possessions identified? [ynq] (y) y
 Do you want to see your attributes? [ynq] (y) y
 Do you want an account of creatures vanquished? [ynaq] (y) y
 Do you want to see your conduct and achievements? [ynq] (y) y
 Do you want to see the dungeon overview? [ynq] (y) y

Inventory:
 Coins    ('$')
  $ - 100 gold pieces
 Weapons  (')')
  W - 11 cursed +0 arrows
  D - 10 +0 crossbow bolts (in quiver pouch)
  E - a +0 crossbow (alternate weapon; not wielded)
  V - a +0 sling
  Q - 2 +1 darts
  Z - 26 +0 darts
  a - a +2 bullwhip (weapon in right hand)
 Armor    ('[')
  c - an uncursed +0 fedora
  o - an uncursed +0 orcish helm
  v - an uncursed +0 orcish helm (being worn)
  J - a blessed +1 pair of iron shoes (being worn)
  K - a blessed +0 dwarvish cloak (being worn)
  h - an uncursed +0 leather jacket (being worn)
 Comestibles  ('%')
  d - 5 uncursed food rations
  X - 2 uncursed fortune cookies
  x - an uncursed sprig of wolfsbane
 Scrolls  ('?')
  B - 2 uncursed scrolls of confuse monster
  p - an uncursed scroll of create monster
  I - an uncursed scroll of earth
  H - 2 uncursed scrolls of enchant armor
  u - 2 uncursed scrolls of enchant weapon
  G - 3 uncursed scrolls of identify
  A - an uncursed scroll of light
  M - 2 uncursed scrolls of magic mapping
  P - 2 uncursed scrolls of taming
  L - 2 uncursed scrolls of teleportation
 Spellbooks  ('+')
  y - an uncursed spellbook of knock
 Potions  ('!')
  N - a blessed potion of extra healing
  z - an uncursed potion of extra healing
  s - an uncursed potion of healing
 Rings    ('=')
  j - an uncursed ring of poison resistance
 Wands    ('/')
  e - a wand of fire (0:7)
  w - a wand of light (0:12)
  Y - a wand of slow monster (0:6)
 Tools    ('(')
  b - an uncursed sack containing 1 item
  i - an uncursed oil lamp
  C - an uncursed pair of lenses
  m - a cursed skeleton key
  O - an uncursed tin whistle
  f - a tinning kit (0:88)
 Gems/Stones  ('*')
  F - an uncursed agate stone
  t - 2 uncursed topaz stones
  l - an uncursed worthless piece of black glass
  n - a cursed worthless piece of black glass
  r - an uncursed worthless piece of orange glass
  q - 3 uncursed worthless pieces of yellow glass
  g - an uncursed touchstone

Contents of the sack:
  a +0 pick-axe

Jobair the Archeologist's attributes:

Background:
 You were a Field Worker, a level 4 female dwarven Archeologist.
 You were lawful, nominally on a mission for Quetzalcoatl
 who was opposed by Camaxtli (neutral) and Huhetotl (chaotic).
 You were right-handed.
 You were in the Gnomish Mines, on level 5.
 You entered the dungeon 3491 turns ago.
 You had 119 experience points, 41 more were needed to attain level 5.

Basics:
 You had 0 out of 36 hit points.
 You had all 14 energy points (spell power).
 Your armor class was 5.
 Your wallet contained 100 zorkmids.
 Autopickup was off.

Final Characteristics:
 Your strength was 15 (limit:18/100).
 Your dexterity was 7 (limit:20).
 Your constitution was 14 (limit:20).
 Your intelligence was 16 (limit:16).
 Your wisdom was 14 (limit:16).
 Your charisma was 16 (limit:16).

Final Status:
 You weren't hungry.
 You were burdened; movement was slightly slowed.
 You were wielding a whip.
 You had basic skill with whip.

Final Attributes:
 You were piously aligned.
 Your items were somewhat protected from fire.
 Your items were somewhat protected from cold.
 You were telepathic.
 You had automatic searching.
 You had infravision.
 You were warded.
 You are dead.

Miscellaneous:
 You encountered 1 bones level.
 Total elapsed playing time was 1 hour and 2 seconds.

Major events:
 Turn
    1: Jobair the lawful female dwarven Archeologist entered the dungeon
  818: entered the Gnomish Mines
 1667: attained the rank of Field Worker (level 3)
 3477: reached Mine Town
 3491: killed by a gargoyle

You didn't know any spells.

Skills:
 Fighting Skills
   bare handed combat [Unskilled]
   two weapon combat  [Unskilled]
   riding             [Unskilled]
 Weapon Skills
   dagger             [Unskilled]
   knife              [Unskilled]
   pick-axe           [Basic]
   short sword        [Unskilled]
   saber              [Unskilled]
   club               [Unskilled]
   quarterstaff       [Unskilled]
   sling              [Unskilled]
   dart               [Unskilled]
   boomerang          [Unskilled]
   whip               [Basic]
   unicorn horn       [Unskilled]
 Spellcasting Skills
   attack spells      [Unskilled]
   healing spells     [Unskilled]
   divination spells  [Unskilled]
   matter spells      [Unskilled]

Voluntary challenges:
 Character rerolling was not enabled.
 You were an atheist.
 You never genocided any monsters.
 You never polymorphed an object.
 You never changed form.
 You used no wishes.
Achievements:
 You entered the Gnomish Mines.
 You entered a shop.
 You attained the rank of Field Worker.
 You entered Minetown.

 The Dungeons of Doom: levels 1 to 5
    Level 1:
    Level 2:
       Stairs down to The Gnomish Mines.
    Level 3:
       A scroll shop, a sink.
    Level 4:
    Level 5:
       Many fountains.
 The Gnomish Mines: levels 3 to 5
    Level 3:
    Level 4:
    Level 5: <- You were here.
       A grave.
       Final resting place for
          you, killed by a gargoyle,
          BeardyHaddock-Arc-Gno-Mal-Neu, killed by a gargoyle,
          michelmartinet-Wiz-Hum-Mal-Neu, killed by a gargoyle.


Vanquished creatures:
  3 gnome leaders
  a kobold mummy
  a black naga hatchling
  2 floating eyes
  a dwarf
  a kobold shaman
  a giant bat
  a wererat
  a werejackal
  2 iguanas
  2 acid blobs
  4 coyotes
  a hobbit
  8 manes
  a hobgoblin
  4 giant rats
  a brown mold
 10 gnomes
  2 geckos
  8 jackals
  3 foxes
  a kobold
  3 goblins
  2 sewer rats
  8 grid bugs
  2 bats
  4 lichens
  5 newts
83 creatures vanquished.

No species were genocided or became extinct.

Game over:
                       ----------
                      /          \
                     /    REST    \
                    /      IN      \
                   /     PEACE      \
                  /                  \
                  |      Jobair      |
                  |      100 Au      |
                  |   killed by a    |
                  |     gargoyle     |
                  |                  |
                  |                  |
                  |       2026       |
                 *|     *  *  *      | *
        _________)/\\_//(\/(/\)/\//\/|_)_______

Goodbye Jobair the Archeologist...

You died in The Gnomish Mines on dungeon level 5 with 766 points,
and 100 pieces of gold, after 3491 moves.
You were level 4 with a maximum of 36 hit points when you died.

